cohdb
Replays
Latest Replays
All Replays
Popular Replays
Top Player Replays
Match Explorer
How It Works
Community
CoH3 Stats
Reddit
Sign in to upload your games and track your stats! →
Sign in with Steam
Match 41350682
Unlisted
Match 41350682
Overview
Messages
Build Orders
End
Kradschützen Motorcycle Team
Panzergrenadier Squad
Panzergrenadier Squad
Construct Light Support Kompanie
Panzergrenadier Squad
Fire Support Elements
Panzergrenadier Squad
le.IG 18 Mechanized Group
Flakvierling Half-track
Veteran Squad Leaders
Pak 38 Anti-tank Gun Team
Pak 38 Anti-tank Gun Team
kimbreaker
Dune_el
Armbbking
Particycles
魔鬼筋肉人
women are objects
0
0
Comments
sign in to comment!
No comments posted yet!